 Dungeon Crawl Stone Soup version 0.23-a0-650-ga4d50d4 (webtiles) character file.

6147 Blackhawk the Fighter (level 10, -3/135 HPs)
             Began as a Centaur Fighter on Jan 4, 2019.
             Was a Believer of Okawaru.
             Engulfed by a cloud of flame (5 damage)
             ... in a volcano on Jan 5, 2019.
             The game lasted 00:28:02 (11208 turns).

Blackhawk the Fighter (Centaur Fighter)            Turns: 11208, Time: 00:28:02

Health: -3/135     AC: 19    Str: 27    XL:     10   Next: 59%
Magic:  10/10      EV: 12    Int: 19    God:    Okawaru [**....]
Gold:   670        SH: 12    Dex: 14    Spells: 9/9 levels left

rFire    + . .     SeeInvis .   t - +3 rapier of the Six Gods {pierce, *Rage rPois Int+6 Stlth+}
rCold    . . .     Gourm    .   c - +1 shield
rNeg     . . .     Faith    .   u - +6 scale mail of Awe {rElec Int+6 Stlth+}
rPois    +         Spirit   .   o - +2 helmet
rElec    +         Reflect  .   T - +0 cloak
rCorr    .         Harm     .   i - +0 pair of gloves
MR       .....     Rnd*Rage +   (no barding)
Stlth    ..........             m - amulet of rage
HPRegen  0.32/turn              r - ring of protection from fire
MPRegen  0.12/turn              (no ring)

@: mighty, agile, berserking, very quick
A: large, hooves 3, deformed body, speed 2, tough skin 3
a: Heroism, Renounce Religion, Evoke Berserk Rage


You were in a volcano.
You worshipped Okawaru.
Okawaru was pleased with you.
You were very hungry.

You visited 3 branches of the dungeon, and saw 12 of its levels.
You also visited: Ossuary and Volcano.

You collected 670 gold pieces.

Inventory:

Hand Weapons
 a - a +1 trident
 b - the +0 hunting sling of the Spider {speed, rN++}
   (You found it on level 5 of the Dungeon)

   Attacks with this weapon are significantly faster.
   It greatly protects you from negative energy.
 q - a +2 whip of draining
 t - the +3 rapier of the Six Gods (weapon) {pierce, *Rage rPois Int+6 Stlth+}
   (You found it on level 4 of the Dungeon)

   It inflicts extra damage upon your enemies.
   It affects your intelligence (+6).
   It protects you from poison.
   It may make you go berserk in combat.
   It makes you more stealthy.
Missiles
 w - a throwing net (quivered)
 A - 223 stones
 H - 61 sling bullets
Armour
 c - a +1 shield (worn)
 i - a +0 pair of gloves (worn)
 o - a +2 helmet (worn)
 u - the +6 scale mail of Awe (worn) {rElec Int+6 Stlth+}
   (You found it on level 4 of the Dungeon)

   It affects your intelligence (+6).
   It insulates you from electricity.
   It makes you more stealthy.
 T - a +0 cloak (worn)
Jewellery
 m - an amulet of rage (around neck)
 r - a ring of protection from fire (left hand)
 z - an uncursed ring of protection from magic
 I - an uncursed ring of ice
Wands
 p - a wand of random effects (10)
 K - a wand of enslavement (6)
 O - a wand of disintegration (17)
 Q - a wand of flame (21)
Scrolls
 e - a scroll of enchant armour
 j - 3 scrolls of magic mapping
 l - 6 scrolls of teleportation
 s - 2 scrolls of fear {unknown}
 v - 3 scrolls of enchant weapon
 B - a scroll of silence {unknown}
 F - a scroll of noise {unknown}
 L - 2 scrolls of remove curse
 M - 2 scrolls of blinking {unknown}
 N - a scroll of amnesia {unknown}
 P - a scroll of identify
Potions
 d - a potion of might
 g - 3 potions of haste
 h - 6 potions of mutation
 n - 3 potions of heal wounds
 y - a potion of ambrosia
 C - 2 potions of resistance
 D - a potion of invisibility
 E - 3 potions of curing
 G - a potion of brilliance
 J - a potion of magic
Miscellaneous
 k - a lamp of fire
Comestibles
 f - 27 rations


   Skills:
 + Level 8.6 Fighting
 + Level 7.6 Polearms
 + Level 6.5 Armour
 + Level 6.6 Shields


You had 9 spell levels left.
You didn't know any spells.
Your spell library contained the following spells:

 Spells                   Type           Power        Failure   Level  Hunger
 Freeze                   Ice            #...         56%         1    ##.....
 Throw Frost              Conj/Ice       #.....       71%         2    ###....
 Ozocubu's Armour         Chrm/Ice       #.......     91%         3    ####...
 Summon Ice Beast         Ice/Summ       #.......     100%        4    #####..
 Throw Icicle             Conj/Ice       #.......     100%        4    #####..


Dungeon Overview and Level Annotations

Branches:
Dungeon (10/15)            Temple (1/1) D:7            Lair (1/6) D:9
    Orc: D:9-12

Altars:
Ashenzari
Cheibriados
Dithmenos
Elyvilon
Fedhas
Gozag
Hepliaklqana
Kikubaaqudgha
Makhleb
Nemelex Xobeh
Okawaru
Qazlal
Ru
Sif Muna
Trog
Uskayaw
Vehumet
Wu Jian
Xom
Yredelemnul
Zin
The Shining One

Shops:
D:6 (%((!   D:8 [


Innate Abilities, Weirdness & Mutations

You have hooves in place of feet.
Armour fits poorly on your strangely shaped body.
You cover ground very quickly.
You have extremely tough skin. (AC +3)


Message History

* * * LOW HITPOINT WARNING * * *
The red draconian breathes flames at you.
The searing blast misses you.
A red film seems to cover your vision as you go berserk!
You feel yourself moving faster!
You feel mighty!
You puncture the red draconian! You kick the red draconian.
The red draconian is almost dead.
You are engulfed in blazing flames.
You resist.
* * * LOW HITPOINT WARNING * * *
The red draconian closely misses you.
You barely miss the red draconian. You kick the red draconian!
The red draconian is almost dead.
You are engulfed in blazing flames.
You resist.
* * * LOW HITPOINT WARNING * * *
You block the red draconian's attack.
You puncture the red draconian!
You kill the red draconian!
Okawaru is honoured by your kill.
You are engulfed in blazing flames.
You resist.
You die...

# ≈## #### ≈≈##
##§§## ≈≈≈# ##§≈§§#
§§≈## #!§≈§≈# ≈≈§.#
##..[≈≈## ≈..##
#.[!$.≈≈# §.∩#
#)$∩!≈≈# ..## ##@§≈#
§..# #(#### ≈.##
##.## §.##
############.#
##.###...##§.##...#
##.#....§...§....#
#.#.....§≈≈≈§§§§.#
#......§≈§§≈≈§≈.....#
#....≈≈§≈≈§§≈§§§§...#


There were no monsters in sight!

Vanquished Creatures
  A red draconian (Volcano)
  A spiny frog (Lair:1)
  A komodo dragon (Lair:1)
  A queen bee (D:9)
  3 hogs (D:9)
  A yak (D:9)
  A human (D:9)
  2 orc warriors (D:6)
  A black bear (D:8)
  A sky beast (D:8)
  2 phantoms (D:8)
  2 ice beasts
  6 centaurs
  2 ogres
  A crocodile (Lair:1)
  2 big kobolds
  4 bullfrogs
  A scorpion (D:5)
  11 killer bees (D:9)
  5 wights (D:9)
  A howler monkey (D:7)
  2 electric eels (D:7)
  3 crimson imps
  A jelly (D:8)
  2 centaur skeletons (D:9)
  A hound (D:5)
  2 bullfrog zombies
  2 orc priests (D:6)
  A bullfrog skeleton (D:5)
  6 orc wizards
  5 worker ants
  6 big kobold zombies (Ossuary)
  A hound zombie (D:6)
  2 hound skeletons
  A mummy (Ossuary)
  A worker ant zombie (D:8)
  Robin (D:2)
  2 howler monkey skeletons (D:5)
  3 gnolls (D:5)
  8 adders
  An ooze (D:7)
  An adder zombie (D:5)
  An adder skeleton (D:4)
  3 dart slugs
  A worm (D:3)
  5 leopard geckos
  25 orcs
  6 bats
  3 giant cockroaches
  6 gnoll zombies (Ossuary)
  15 goblins
  14 hobgoblins
  13 jackals
  2 quokkas (D:7)
  6 bat simulacra (Ossuary)
  3 frilled lizards
  2 goblin simulacra (Ossuary)
  5 goblin zombies (Ossuary)
  4 hobgoblin zombies (Ossuary)
  11 kobolds
  5 kobold simulacra (Ossuary)
  2 kobold zombies (Ossuary)
  2 leopard gecko skeletons (D:6)
  7 orc zombies (Ossuary)
  A quokka skeleton (D:7)
  6 rats
  3 rat simulacra (Ossuary)
  3 spectral goblins (Ossuary)
  4 spectral kobolds (Ossuary)
  4 spectral rats (Ossuary)
264 creatures vanquished.

Notes
Turn   | Place    | Note
-------+----------+-------------------------------------------
     0 | D:1      | Blackhawk the Centaur Fighter began the quest for the Orb.
     0 | D:1      | Reached XP level 1. HP: 19/19 MP: 1/1
   230 | D:1      | Reached XP level 2. HP: 26/26 MP: 2/2
   804 | D:1      | Reached XP level 3. HP: 26/31 MP: 3/3
  1180 | D:2      | Noticed Robin
  1192 | D:2      | Killed Robin
  1198 | D:2      | Reached XP level 4. HP: 34/38 MP: 4/4
  1968 | D:3      | Reached XP level 5. HP: 42/46 MP: 5/5
  2019 | D:3      | Found an ancient bone altar of Kikubaaqudgha.
  2561 | D:4      | Got a slimy rapier
  2566 | D:4      | Got a fine scale mail
  2573 | D:4      | Identified the +3 rapier of the Six Gods {pierce, *Rage
                  | rPois Int+6 Stlth+} (You found it on level 4 of the
                  | Dungeon)
  2586 | D:4      | Identified the +6 scale mail of Awe {rElec Int+6 Stlth+}
                  | (You found it on level 4 of the Dungeon)
  2594 | D:4      | Noticed a centaur
  2608 | D:4      | Killed a centaur
  2608 | D:4      | Reached skill level 4 in Fighting
  2927 | D:4      | Reached XP level 6. HP: 52/52 MP: 6/6
  3119 | D:5      | Entered Level 5 of the Dungeon
  3493 | D:5      | Found a shimmering altar of Xom.
  3723 | D:5      | Reached XP level 7. HP: 20/60 MP: 7/7
  3736 | D:5      | Got an ichor-stained hunting sling
  4030 | D:5      | Reached skill level 5 in Fighting
  4111 | D:5      | Found a shattered altar of Ashenzari.
  4350 | D:6      | Found Qipsonugimp's Food Emporium.
  4602 | D:6      | Found Diofyxuts's Distillery.
  4778 | D:6      | Found Faac Poc's Weapon Shoppe.
  4811 | D:6      | Reached XP level 8. HP: 60/69 MP: 8/8
  4915 | D:6      | Found Ynwa's Antique Weapon Boutique.
  4987 | D:6      | Found a blossoming altar of Fedhas.
  5294 | D:6      | Found Tuczalic's Weapon Boutique.
  5430 | D:6      | Identified the cursed +0 hunting sling of the Spider
                  | {speed, rN++} (You found it on level 5 of the Dungeon)
  5514 | D:7      | Found a staircase to the Ecumenical Temple.
  5523 | Temple   | Entered the Ecumenical Temple
  5635 | D:7      | Reached skill level 5 in Polearms
  5756 | D:7      | Reached skill level 6 in Fighting
  5803 | D:7      | Found an opulent altar of Gozag.
  5986 | D:7      | Found a glowing golden altar of the Shining One.
  7000 | D:8      | Reached skill level 5 in Shields
  7163 | D:8      | Found a sand-covered staircase.
  7181 | D:8      | Reached XP level 9. HP: 78/78 MP: 9/9
  7217 | D:8      | Reached skill level 5 in Armour
  7237 | D:8      | Found a deep blue altar of Sif Muna.
  7256 | Ossuary  | Entered an ossuary
  8527 | D:8      | Reached skill level 7 in Fighting
  8580 | D:8      | Found Yvved's Armour Emporium.
  9354 | D:9      | Found a staircase to the Lair.
  9521 | D:9      | Found a sparkling altar of Nemelex Xobeh.
  9564 | D:9      | Noticed a queen bee
  9836 | D:9      | Killed a queen bee
  9836 | D:9      | Reached XP level 10. HP: 88/88 MP: 10/10
 10076 | D:9      | Found an iron altar of Okawaru.
 10084 | D:9      | Became a worshipper of Warmaster Okawaru
 10291 | D:9      | Reached skill level 8 in Fighting
 10707 | Lair:1   | Entered Level 1 of the Lair of Beasts
 10957 | Lair:1   | Noticed a seven-headed hydra
 11048 | D:10     | Entered Level 10 of the Dungeon
 11101 | Lair:1   | Found a dark tunnel.
 11101 | Lair:1   | Noticed a spiny frog
 11112 | Lair:1   | Killed a spiny frog
 11161 | Volcano  | Entered a volcano
 11190 | Volcano  | Noticed a red draconian
 11196 | Volcano  | Reached * piety under Okawaru
 11206 | Volcano  | HP: 6/133 [red draconian] (9)]
 11207 | Volcano  | HP: 2/133 [red draconian] (4)]
 11208 | Volcano  | Killed a red draconian
 11208 | Volcano  | Reached ** piety under Okawaru
 11208 | Volcano  | Engulfed by a cloud of flame

Vault maps used:
D:1:      roderic_chinese_lattice_arrival
D:2:      serial_park_tiny_2, grunt_decor_one_mirror, bh_walls_and_bars,
          uniq_robin
D:3:      overflow_temple_1_default
D:4:      minmay_misc_feat_five, minmay_vboxes
D:5:      ashenzari_conservatory_becter, basic_altar, first_ration,
          kennysheep_dice
D:6:      serial_shops, nicolae_shop_window_shopping, shop, shop,
          nicolae_shop_trees, shop, fedhas_ov_isle_minmay
D:7:      nicolae_gozag_seed_capital, kennysheep_mini_moat,
          minmay_temple_entry_mist, serial_bayou, serial_bayou_pond_d,
          serial_bayou_pond_b, serial_bayou_crossing, serial_bayou_shore_b
D:8:      lemuel_crystal_altar, serial_shops, shop, nicolae_ossuary_entry_ruins
D:9:      kennysheep_okawaru_gauntlet, nemelex_altar_shiori, dpeg_oklobed_lair,
          special_room, grunt_livestock, kennysheep_nondescript
D:10:     gammafunk_ghost_nasty_kobolds
Temple:   eino_wide_crystal_templ
Lair:1:   nicolae_volcano_entry_lava_flow, st_stairs_12, uniq_joseph
Ossuary:  ossuary_zaba_two_paths
Volcano:  volcano_pools

Skill      XL: |  1  2  3  4  5  6  7  8  9 10 |
---------------+-------------------------------+-----
Polearms       | 2 3 4 5 6 7 |  7.6
Shields        | 3 4 5 6 |  6.6
Fighting       | 4 5 6 7 8 |  8.6
Armour         | 3 4 5 6 |  6.5

Action                   |  1- 3 |  4- 6 |  7- 9 | 10-12 || total
-------------------------+-------+-------+-------+-------++-------
Melee: Trident           |   123 |   379 |   386 |    22 ||   910
       Kick              |    18 |    61 |   103 |    21 ||   203
       Whip              |       |     7 |       |       ||     7
       Rapier            |       |       |    56 |    54 ||   110
 Fire: Hunting sling     |       |       |   316 |    71 ||   387
  Use: Scroll            |       |     6 |     3 |    10 ||    19
       Potion            |       |       |       |     3 ||     3
  Eat: Chunk             |     1 |     7 |    12 |     4 ||    24
       Ration            |       |       |     1 |       ||     1
Armor: Scale mail        |    57 |   226 |   274 |    40 ||   597
Dodge: Dodged            |    33 |    74 |    98 |    25 ||   230
Block: Shield            |    51 |   190 |   281 |    53 ||   575

Table legend:
 A = Non-vault XP
 B = Vault XP
 C = Vault XP percentage of total XP
 D = Non-vault monster count
 E = Vault monster count
 F = Vault count percentage of total count
                 A         B        C        D         E       F
            +---------+---------+-------+---------+---------+-------
      Total |    4630 |    4152 |  47.3 |     167 |      97 |  36.7
            +---------+---------+-------+---------+---------+-------
        D:1 |      41 |       0 |   0.0 |      21 |       0 |   0.0
        D:2 |      83 |      35 |  29.7 |      23 |      11 |  32.4
        D:3 |      58 |       0 |   0.0 |      11 |       0 |   0.0
        D:4 |      34 |     149 |  81.4 |      14 |       2 |  12.5
        D:5 |     551 |     114 |  17.1 |      20 |       2 |   9.1
        D:6 |     708 |       0 |   0.0 |      18 |       0 |   0.0
        D:7 |     363 |     157 |  30.2 |       9 |       2 |  18.2
        D:8 |    1225 |       0 |   0.0 |      37 |       0 |   0.0
        D:9 |     692 |    1978 |  74.1 |      11 |      19 |  63.3
     Lair:1 |     875 |       0 |   0.0 |       3 |       0 |   0.0
    Ossuary |       0 |     218 | 100.0 |       0 |      58 | 100.0
    Volcano |       0 |    1501 | 100.0 |       0 |       3 | 100.0
            +---------+---------+-------+---------+---------+-------
